 Dungeon Crawl Stone Soup version 0.30.2 (webtiles) character file.

Game seed: 15224100743595975974

358 porpoise the Shooter (level 6, -6/53 HPs)
             Began as a Minotaur Hunter on Mar 5, 2024.
             Was an Initiate of Hepliaklqana.
             Mangled by a black bear (10 damage)
             ... on level 5 of the Dungeon.
             The game lasted 00:06:30 (3625 turns).

porpoise the Shooter (Minotaur Hunter)              Turns: 3625, Time: 00:06:32

Health: -6/53      AC:  6    Str: 16    XL:     6   Next: 37%
Magic:  5/5        EV: 11    Int:  6    God:    Hepliaklqana [......]
Gold:   180        SH:  0    Dex: 21    Spells: 5/5 levels left

rFire   . . .        a - +1 shortbow
rCold   + . .        (shield currently unavailable)
rNeg    . . .        z - +1 ring mail {rC+}
rPois   .            (helmet restricted)
rElec   .            (no cloak)
rCorr   .            (no gloves)
SInv    .            (no boots)
Will    .....        (no amulet)
Stlth   +            r - +6 ring of dexterity
HPRegen 0.28/turn    (no ring)
MPRegen 0.09/turn

%: no passive effects
@: no status effects
A: horns 2, retaliatory headbutt
a: Renounce Religion


You were on level 5 of the Dungeon.
You worshipped Hepliaklqana.
Hepliaklqana was noncommittal.
You visited 1 branch of the dungeon, and saw 5 of its levels.

You collected 180 gold pieces.

Inventory:

Hand Weapons
 a - a +1 shortbow (weapon)
 b - a +2 whip of draining
Missiles
 c - 4 poisoned darts
Armour
 x - a +4 chain mail of poison resistance
 z - a +1 ring mail of cold resistance (worn)
Jewellery
 r - a +6 ring of dexterity (left hand)
Wands
 w - a wand of polymorph (16)
 B - a wand of digging (1)
Scrolls
 e - a scroll of acquirement {unknown}
 f - 4 scrolls of enchant armour
 j - a scroll of poison
 l - a scroll of fog {unknown}
 m - a scroll of fear {unknown}
 n - a scroll of enchant weapon
 p - a scroll of vulnerability
 q - a scroll of amnesia {unknown}
 s - 3 scrolls of immolation
 u - a scroll of teleportation {unknown}
 y - a scroll of magic mapping {unknown}
Potions
 d - 3 potions of heal wounds
 g - a potion of brilliance
 h - 2 potions of attraction
 i - 2 potions of curing
 k - a potion of invisibility
 o - a potion of degeneration {unknown}
 t - 2 potions of mutation
 v - a potion of haste {unknown}
 A - a potion of flight {unknown}


   Skills:
 + Level 4.5 Fighting
 * Level 6.7 Ranged Weapons
 + Level 3.6 Armour
 - Level 2.1 Dodging
 - Level 0.7 Stealth


You had 5 spell levels left.
You didn't know any spells.
Your spell library was empty.

Dungeon Overview and Level Annotations

Branches:
Dungeon (5/15)
 Temple: D:4-7

Altars:
Gozag
Hepliaklqana
Zin


Innate Abilities, Weirdness & Mutations

You have a pair of horns on your head.
You reflexively headbutt those who attack you in melee.


Message History

The black bear goes berserk!
You shoot an arrow. The arrow hits the black bear.
The black bear is almost dead.
The black bear bites you but does no damage.
The black bear claws you. The black bear closely misses you.
The black bear bites you. The black bear claws you.
The black bear claws you but does no damage.
You shoot an arrow. The arrow barely misses the black bear.
The black bear closely misses you. You furiously retaliate!
You headbutt the black bear. The black bear claws you.
The black bear claws you but does no damage.
The black bear bites you. The black bear claws you. x2
You shoot an arrow. The arrow hits the black bear.
The black bear is almost dead.
The black bear closely misses you. The black bear claws you.
The black bear claws you but does no damage.
The black bear bites you! The black bear claws you.
The black bear claws you but does no damage.
You are too injured to fight recklessly!
You are too injured to fight recklessly!
You shoot an arrow.
The arrow completely misses the black bear.
The arrow hits the scorpion!
The scorpion is heavily wounded.
The black bear bites you but does no damage.
The black bear claws you. x2
* * * LOW HITPOINT WARNING * * *
The black bear bites you!
* * * LOW HITPOINT WARNING * * *
The black bear claws you but does no damage.
The black bear claws you.
* * * LOW HITPOINT WARNING * * *
You shoot an arrow.
The arrow completely misses the black bear.
The arrow hits the scorpion but does no damage.
The scorpion is heavily wounded.
The black bear barely misses you. x2; The black bear claws you.
* * * LOW HITPOINT WARNING * * *
The black bear bites you!
You die...

≈≈ .. ....
######### .#.
#.<.....# ..#
#######.# ..
####.# #. #....#
#.###########.####
#sh@..........#
###############


You could see a black bear (berserk) and a scorpion.

Vanquished Creatures
  A scorpion (D:4)
  3 jellies (D:4)
  Natasha (thrice) (D:3)
  5 adders
  2 worms
  3 dart slugs
  3 orcs (D:3)
  7 bats
  8 endoplasms
  2 giant cockroaches (D:1)
  3 goblins
  10 hobgoblins
  3 kobolds
  4 quokkas
  9 ball pythons
  2 frilled lizards
  13 rats
81 creatures vanquished.

Notes
Turn   | Place    | Note
-------+----------+-------------------------------------------
     0 | D:1      | porpoise the Minotaur Hunter began the quest for the Orb.
     0 | D:1      | Reached XP level 1. HP: 18/18 MP: 0/0
   239 | D:1      | Reached XP level 2. HP: 25/25 MP: 1/1
   396 | D:1      | Reached skill level 1 in Armour
   682 | D:1      | Reached skill level 5 in Ranged Weapons
   687 | D:1      | Reached XP level 3. HP: 31/31 MP: 2/2
  1790 | D:2      | Reached XP level 4. HP: 37/37 MP: 3/3
  2005 | D:3      | Noticed Natasha
  2010 | D:3      | Killed Natasha
  2156 | D:3      | Noticed Natasha
  2169 | D:3      | Killed Natasha
  2594 | D:3      | Noticed Natasha
  2604 | D:3      | Killed Natasha
  2605 | D:3      | Reached XP level 5. HP: 46/46 MP: 4/4
  2658 | D:3      | Reached skill level 6 in Ranged Weapons
  3019 | D:4      | Reached XP level 6. HP: 26/53 MP: 5/5
  3203 | D:4      | Found a glowing silver altar of Zin.
  3235 | D:4      | Found an opulent altar of Gozag.
  3397 | D:4      | Found a hazy altar of Hepliaklqana.
  3465 | D:4      | Became a worshipper of Hepliaklqana the Forgotten
  3591 | D:5      | Entered Level 5 of the Dungeon
  3625 | D:5      | Mangled by a black bear

Illustrated notes

Levels and vault maps discovered:
D:1:      dpeg_arrival_snail, layout_loops_corners, minmay_bisected
D:2:      layout_loops_cross, minmay_tromino_v7
D:3:      minmay_octagon_keep, layout_loops_ring, uniq_natasha
D:4:      layout_gridville, pdpol_temple_overflow_zin_treasury_gozag_greed,
          nicolae_hepliaklqana_hazy_memory
D:5:      layout_basic, lemuel_doored_altar, temple_pool_b,
          palyth_stone_intersect, uniq_crazy_yiuf_cottage

Skill      XL: |  1  2  3  4  5 |
---------------+----------------+-----
Armour         | 1 2 3 |  3.6
Fighting       | 3 4 |  4.5
Ranged Weapons | 5 6 |  6.7
Dodging        | |  2.1
Stealth        | |  0.7

Action                     |  1- 3 |  4- 6 || total
---------------------------+-------+-------++-------
  Melee: Whip              |       |    12 ||    12
         Unarmed           |       |     2 ||     2
         Headbutt          |       |     1 ||     1
   Fire: Shortbow          |   104 |   114 ||   218
    Use: Scroll            |     6 |     4 ||    10
 Armour: Leather armour    |    10 |       ||    10
         Ring mail         |     2 |    25 ||    27
         Skin              |       |     5 ||     5
  Dodge: Dodged            |    28 |    25 ||    53
